 Dungeon Crawl Stone Soup version 0.20.1-1-g8b1a95d (webtiles) character file.

298 Minstaer the Slasher (level 6, -7/57 HPs)
             Began as a Deep Dwarf Fighter on Nov 4, 2017.
             Mangled by a shadow (21 damage)
             ... created by the darkness of Dithmenos
             ... on level 3 of the Dungeon.
             The game lasted 00:18:50 (1758 turns).

Minstaer the Slasher (Deep Dwarf Fighter)           Turns: 1758, Time: 00:18:51

Health: -7/57      AC:  6    Str: 19    XL:     6   Next: 13%
Magic:  5/5        EV: 12    Int: 10    God:
Gold:   121        SH:  0    Dex: 16    Spells: 5/5 levels left

rFire    . . .     SeeInvis .   a - +0 long sword
rCold    . . .     Gourm    .   (no shield)
rNeg     . . .     Faith    .   y - +0 ring mail
rPois    .         Spirit   .   (no helmet)
rElec    .         Reflect  .   (no cloak)
rCorr    .         Harm     .   j - +0 pair of gloves {Dex+3}
MR       .....                  (no boots)
Stlth    +.........             (no amulet)
Regen    0.0/turn               (no ring)
MPRegen  0.1/turn               (no ring)

@: non-regenerating
A: damage resistance, heal wounds, sense surroundings 1, no regeneration
a: Heal Wounds


You were on level 3 of the Dungeon.
You were not hungry.

You visited 1 branch of the dungeon, and saw 3 of its levels.

You collected 121 gold pieces.

Inventory:

Hand Weapons
 a - a +0 long sword (weapon)
 b - a +0 hunting sling
 v - a +2 dagger of venom
 A - a +0 dagger of chaos
Missiles
 i - 23 stones (quivered)
 n - 10 bolts
 o - 24 arrows
 s - 15 poisoned needles
 z - 21 sling bullets
Armour
 c - a +0 shield
 j - a +0 pair of gloves of dexterity (worn)
 q - a +0 scale mail
 r - a +0 leather armour
 y - a +0 ring mail (worn)
Jewellery
 u - a cursed ring of loudness {unknown}
Scrolls
 e - 2 scrolls of remove curse {unknown}
 g - a scroll of blinking {unknown}
 h - 4 scrolls of identify {unknown}
 k - 2 scrolls of teleportation {unknown}
 l - a scroll of fear {unknown}
Potions
 d - a potion of might
 m - a potion of magic {unknown}
 p - a potion of brilliance {unknown}
 B - a potion of degeneration {unknown}
Comestibles
 f - 2 bread rations
 t - a meat ration
 w - 4 fruits
 x - 4 chunks of flesh


   Skills:
 + Level 3.7 Fighting
 + Level 4.8 Long Blades
 - Level 3.2 Armour
 - Level 3.2 Dodging
 - Level 3.2 Shields


You had 5 spell levels left.
You didn't know any spells.

Dungeon Overview and Level Annotations

Branches:
Dungeon (3/15)

Altars:
Dithmenos
Xom


Innate Abilities, Weirdness & Mutations

You are resistant to damage.
You can heal yourself by infusing magical energy.
You passively map a small area around you.
You do not regenerate.


Message History

There is an open door here.
Dithmenos calls forth shadows to punish you.
The divine experience drains your vigour!
You feel yourself slow down. 4 shadows come into view.
Press: ? - help, v - describe, . - travel
Here: a shadow (durably summoned)
The floor.
The shadow slips into darkness.
The shadow flickers and vanishes!
Deactivating autopickup; reactivate with Ctrl-A.
The shadow hits you. The shadow hits you. x2
The shadow slips into darkness.
The shadow flickers and vanishes!
The shadow hits you!
You feel yourself speed up. The shadow hits you!
* * * LOW HITPOINT WARNING * * *
The shadow strikes at you from the darkness!
You die...

* ###########, , #.........#
** * #.........#, * #####
#.........# , #..^##
#.@.......#.. *
.....##########.{WW........
##'#.................?..#..,
##.###..#######.........# *
* #...###.# #.........#
[....##.# #.........#* *
..8.....# ##.##...###,
#...##### ####+### , , #...#
* , *


You could see 2 shadows.

Vanquished Creatures
  4 crimson imps (D:3)
  An orc wizard (D:3)
  3 adders
  2 oozes (D:1)
  3 worms (D:2)
  3 dart slugs
  6 leopard geckos
  3 orcs (D:3)
  8 bats
  3 giant cockroaches
  6 goblins
  11 hobgoblins
  A ball python (D:2)
  2 frilled lizards
  9 kobolds
  7 rats
72 creatures vanquished.

Notes
Turn   | Place    | Note
-------+----------+-------------------------------------------
     0 | D:1      | Minstaer the Deep Dwarf Fighter began the quest for the Orb.
     0 | D:1      | Reached XP level 1. HP: 20/20 MP: 1/1
    59 | D:1      | Reached XP level 2. HP: 20/27 MP: 2/2
    72 | D:1      | Reached skill level 1 in Dodging
   385 | D:1      | Reached XP level 3. HP: 16/34 MP: 3/3
   441 | D:1      | Reached skill level 3 in Long Blades
   763 | D:2      | Reached XP level 4. HP: 14/42 MP: 4/4
   767 | D:2      | Found a shadowy altar of Dithmenos.
   772 | D:2      | Became a worshipper of Dithmenos the Shadowed
   914 | D:2      | Fell from the grace of Dithmenos
  1432 | D:3      | Found a shimmering altar of Xom.
  1441 | D:3      | Reached skill level 4 in Long Blades
  1441 | D:3      | Reached XP level 5. HP: 30/49 MP: 2/4
  1624 | D:3      | Reached XP level 6. HP: 26/57 MP: 5/5
  1755 | D:3      | Noticed a shadow
  1755 | D:3      | Noticed a shadow
  1755 | D:3      | Noticed a shadow
  1755 | D:3      | Noticed a shadow
  1758 | D:3      | Mangled by a shadow

Skill      XL: |  1  2  3  4  5 |
---------------+----------------+-----
Dodging        | 1 2 3 |  3.2
Fighting       | 3 |  3.7
Long Blades    | 3 4 |  4.8
Armour         | |  3.2
Shields        | |  3.2

Action                   |  1- 3 |  4- 6 || total
-------------------------+-------+-------++-------
Melee: Long sword        |    81 |   126 ||   207
       Dagger            |       |     2 ||     2
 Fire: Hunting sling     |     8 |     7 ||    15
Invok: Renounce Religion |       |     1 ||     1
 Abil: Heal Wounds       |       |     2 ||     2
 Stab: Distracted        |     1 |       ||     1
       Sleeping          |       |     1 ||     1
  Eat: Chunk             |       |     3 ||     3
Armor: Scale mail        |    30 |       ||    30
       Leather armour    |     4 |    14 ||    18
       Ring mail         |       |    34 ||    34
Dodge: Dodged            |    55 |    71 ||   126
       Rpst.: Long sword |    17 |    25 ||    42
